 Dungeon Sprint DCSS version 0.16-a0-3841-g2612308 (console) character file.

886 Monkaria the Severer (level 8, 0/83 HPs)
             Began as a Hill Orc Fighter on Jan 30, 2015.
             Was a High Priest of Makhleb.
             Slain by a greater naga
             ... wielding a cursed -3 club
              (4 damage)
             ... in the Dungeon (Sprint VII: "The Pits").
             The game lasted 00:02:48 (853 turns).

Monkaria the Severer (Hill Orc Fighter)              Turns: 853, Time: 00:02:48

Health: 0/83       AC: 12    Str: 21    XL:     8   Next: 5%
Magic:  8/8        EV:  5    Int:  8    God:    Makhleb [*****.]
Gold:   0          SH:  9    Dex: 10    Spells: 0 memorised, 7 levels left

rFire  . . .     SeeInvis .     a - +0 war axe
rCold  . . .     Clarity  .     s - +3 chain mail
rNeg   . . .     SustAb   .     c - +0 shield
rPois  .         Gourm    .     (no helmet)
rElec  .         Spirit   .     (no cloak)
rCorr  .         Warding  .     (no gloves)
rMut   .         NoTele   +     (no boots)
MR     .....                    (no amulet)
Stlth  ..........               (no ring)
                                (no ring)

@: lethally poisoned, exhausted, very slightly contaminated, slowed,
constricted, invisible, very slow, not resistant to hostile enchantments,
extremely unstealthy
A: no striking features
a: Minor Destruction, Lesser Servant of Makhleb, Major Destruction, Greater
Servant of Makhleb, Renounce Religion


You were in the Dungeon.
You worshipped Makhleb.
Makhleb was extremely pleased with you.
You were hungry.

You visited 1 branch

Inventory:

Hand weapons
 a - a +0 war axe (weapon)
Armour
 c - a +0 shield (worn)
 s - a +3 chain mail (worn)
Scrolls
 k - a scroll of blinking
 o - 3 scrolls of remove curse
 p - 5 scrolls of amnesia
 q - a scroll of summoning
 r - 2 scrolls of vulnerability
Potions
 e - a potion of might
 f - 6 potions of curing
 g - 5 potions of heal wounds
 h - a potion of haste
 i - 4 potions of magic
 j - 2 potions of berserk rage
 n - a potion of invisibility
Comestibles
 d - 8 meat rations
 l - 40 fruits
 m - 7 bread rations


   Skills:
 + Level 12.0 Fighting
 * Level 17.0 Axes
 - Level 3.2 Armour
 - Level 3.2 Shields


You had 7 spell levels left.
You didn't know any spells.

Dungeon Overview and Level Annotations

Branches:
Dungeon (1/1)

Altars:
Ashenzari
Cheibriados
Dithmenos
Elyvilon
Fedhas
Gozag
Kikubaaqudgha
Makhleb
Nemelex Xobeh
Okawaru
Qazlal
Ru
Sif Muna
Trog
Vehumet
Xom
Yredelemnul
Zin
The Shining One
Beogh
Jiyva
Lugonu


Message History

You are feeling hungry.
The greater naga hits you with a club.
* * * LOW HITPOINT WARNING * * *
x2 The greater naga constricts you.
You hit the greater naga.
The greater naga is heavily wounded.
You feel sick. You block the greater naga's attack.
* * * LOW HITPOINT WARNING * * *
The greater naga constricts you.
You hit the greater naga but do no damage.
The greater naga is heavily wounded.
You feel sick.
The greater naga hits you but does no damage.
* * * LOW HITPOINT WARNING * * *
The greater naga constricts you. The greater naga spits poison at you.
The splash of poison hits you!
You are more poisoned.
* * * LOW HITPOINT WARNING * * *
You die...

#..####''####++#
#..####''###
#..##......#
#######..##.#+##.#
.........##.#))+.#
.........##.+s}#.#
###########.#%:sB#
###### #.+ #N#
.....# #.##+#@#
.....# #......#
.....+ ########
.....+ .....#
.....# ###### # #


You could see a greater naga, a boring beetle and a redback.

Vanquished Creatures
  A jumping spider (D)
  3 redbacks (D)
  A flying skull (D)
  A worker ant (D)
  2 gnolls (D)
  A giant mite (D)
  A giant eyeball (D)
  An ooze (D)
  A kobold (D)
  A ball python (D)
  A giant gecko skeleton (D)
  A jackal zombie (D)
15 creatures vanquished.

Notes
Turn   | Place    | Note
--------------------------------------------------------------
     0 | D        | Monkaria, the Hill Orc Fighter, began the quest for the Orb.
     0 | D        | Reached XP level 1. HP: 19/19 MP: 1/1
    14 | D        | Reached skill level 4 in Fighting
    14 | D        | Reached skill level 5 in Axes
    14 | D        | Reached XP level 2. HP: 15/28 MP: 2/2
    97 | D        | Found a sacrificial altar of Ru.
    97 | D        | Found a basalt altar of Yredelemnul.
    97 | D        | Found a glowing golden altar of the Shining One.
    97 | D        | Found a deep blue altar of Sif Muna.
    97 | D        | Found a burning altar of Makhleb.
    97 | D        | Found an ancient bone altar of Kikubaaqudgha.
    97 | D        | Found a glowing silver altar of Zin.
    98 | D        | Found a shadowy altar of Dithmenos.
    98 | D        | Found a bloodstained altar of Trog.
    98 | D        | Found a shattered altar of Ashenzari.
    98 | D        | Found a white marble altar of Elyvilon.
    98 | D        | Found a snail-covered altar of Cheibriados.
    98 | D        | Found a blossoming altar of Fedhas.
    98 | D        | Found a radiant altar of Vehumet.
    98 | D        | Found a shimmering altar of Xom.
    98 | D        | Found a sparkling altar of Nemelex Xobeh.
    98 | D        | Found a corrupted altar of Lugonu.
    98 | D        | Found a viscous altar of Jiyva.
    98 | D        | Found a roughly hewn altar of Beogh.
    98 | D        | Found an iron altar of Okawaru.
   103 | D        | Found a stormy altar of Qazlal.
   104 | D        | Found an opulent altar of Gozag.
   111 | D        | Became a worshipper of Makhleb the Destroyer
   164 | D        | Acquired Makhleb's first power
   164 | D        | Reached skill level 5 in Fighting
   164 | D        | Reached skill level 6 in Axes
   551 | D        | Noticed a worker ant
   557 | D        | Killed a worker ant
   557 | D        | Acquired Makhleb's second power
   557 | D        | Reached skill level 8 in Axes
   557 | D        | Reached XP level 3. HP: 29/37 MP: 3/3
   563 | D        | Acquired Makhleb's third power
   563 | D        | Reached XP level 4. HP: 40/44 MP: 4/4
   656 | D        | Noticed a flying skull
   657 | D        | Noticed a deep troll
   668 | D        | Killed a flying skull
   668 | D        | Reached skill level 12 in Axes
   668 | D        | Reached XP level 5. HP: 44/56 MP: 5/5
   668 | D        | Reached XP level 6. HP: 48/62 MP: 6/6
   817 | D        | Noticed a redback
   817 | D        | Noticed a redback
   817 | D        | Noticed a redback
   817 | D        | Noticed a redback
   817 | D        | Noticed a boring beetle
   817 | D        | Noticed a greater naga
   818 | D        | Noticed a jumping spider
   819 | D        | Noticed a redback
   830 | D        | Killed a jumping spider
   830 | D        | Acquired Makhleb's fourth power
   830 | D        | Reached skill level 10 in Fighting
   830 | D        | Reached skill level 14 in Axes
   834 | D        | Killed a redback
   834 | D        | Reached skill level 15 in Axes
   834 | D        | Reached XP level 7. HP: 67/74 MP: 7/7
   837 | D        | Killed a redback
   837 | D        | Reached skill level 16 in Axes
   842 | D        | Killed a redback
   842 | D        | Acquired Makhleb's fifth power
   842 | D        | Reached skill level 17 in Axes
   842 | D        | Reached XP level 8. HP: 83/83 MP: 8/8
   853 | D        | HP: 4/83 [greater naga/splash of poison (6)]
   853 | D        | Slain by a greater naga

Action                   |  1- 3 |  4- 6 |  7- 9 || total
-------------------------+-------+-------+-------++-------
Melee: War axe           |    20 |    16 |    19 ||    55
  Use: Potion            |       |     3 |       ||     3
 Stab: Invisible         |       |       |     2 ||     2
